 Dungeon Crawl Stone Soup version 0.31-a0-632-g766dd24fdf (webtiles) character file.

Game seed: 11489920611540965484

625 zazu2006 the Chiller (level 7, -6/56 HPs)
             Began as a Gnoll Wanderer on Aug 26, 2023.
             Mangled by an ogre
             ... wielding a +0 giant spiked club
              (35 damage)
             ... on level 5 of the Dungeon.
             The game lasted 00:07:38 (3520 turns).

zazu2006 the Chiller (Gnoll Wanderer)               Turns: 3520, Time: 00:07:39

Health: -6/56      AC:  6    Str: 12    XL:     7   Next: 47%
Magic:  15/15      EV: 12    Int: 13    God:
Gold:   231        SH:  7    Dex: 17    Spells: 16/17 levels left

rFire   . . .        k - +2 whip (venom)
rCold   + . .        o - +2 buckler
rNeg    . . .        i - +0 leather armour
rPois   .            (no helmet)
rElec   .            n - +2 cloak
rCorr   .            (no gloves)
SInv    .            (no boots)
Will    .....        (no amulet)
Stlth   ++           e - +6 ring of dexterity
HPRegen 0.29/turn    s - ring of protection from cold
MPRegen 0.14/turn

%: no passive effects
@: studying Hexes
A: fangs 1, strong nose, distributed training
a: no special abilities


You were on level 5 of the Dungeon.
You visited 1 branch of the dungeon, and saw 6 of its levels.

You collected 231 gold pieces.

Inventory:

Hand Weapons
 a - a +1 hand axe
 k - a +2 whip of venom (weapon)
Missiles
 l - 4 datura-tipped darts (quivered)
Armour
 i - a +0 leather armour (worn)
 n - a +2 cloak (worn)
 o - a +2 buckler (worn)
Jewellery
 e - a +6 ring of dexterity (left hand)
 s - a ring of protection from cold (right hand)
Scrolls
 c - a scroll of fog {unknown}
 g - a scroll of revelation {unknown}
 j - a scroll of amnesia {unknown}
 m - 4 scrolls of identify {unknown}
 p - a scroll of butterflies {unknown}
 r - a scroll of silence {unknown}
 u - a scroll of teleportation {unknown}
 v - a scroll of blinking {unknown}
Potions
 b - 2 potions of attraction
 d - 3 potions of curing
 f - a potion of resistance
 h - a potion of lignification
 q - a potion of heal wounds {unknown}
 t - a potion of enlightenment {unknown}


   Skills:
 + Level 5.3 Fighting
 + Level 2.5 Short Blades
 + Level 2.5 Long Blades
 + Level 5.3 Axes
 + Level 2.5 Maces & Flails
 + Level 2.5 Polearms
 + Level 2.5 Staves
 + Level 2.5 Ranged Weapons
 + Level 2.5 Throwing
 + Level 2.5 Armour
 + Level 2.5 Dodging
 + Level 2.5 Stealth
 + Level 2.5 Shields
 + Level 2.5 Unarmed Combat
 + Level 5.6 Spellcasting
 + Level 2.1 Conjurations
 + Level 2.8 Hexes
 + Level 2.1 Summonings
 + Level 2.1 Necromancy
 + Level 2.1 Translocations
 + Level 2.1 Transmutations
 + Level 2.1 Fire Magic
 + Level 5.8 Ice Magic
 + Level 2.1 Air Magic
 + Level 2.1 Earth Magic
 + Level 2.1 Poison Magic
 + Level 2.8 Invocations
 + Level 3.7 Evocations
 + Level 2.3 Shapeshifting


You had 16 spell levels left.
You knew the following spells:

 Your Spells              Type           Power      Damage    Failure   Level
a - Freeze                Ice            76%        1d8       2%          1

Your spell library contained the following spells:

 Spells                   Type           Power      Damage    Failure   Level
 Ozocubu's Armour         Ice            19%        N/A       9%          3
 Hailstorm                Conj/Ice       14%        3d5       19%         3


Dungeon Overview and Level Annotations

Branches:
Dungeon (6/15)
 Temple: D:4-7

Altars:
Fedhas
Xom

Shops:
D:3 (


Innate Abilities, Weirdness & Mutations

You have very sharp teeth.
Your uncanny sense of smell can sniff out nearby items.
Your experience applies equally to all skills.


Message History

The scorpion is lightly wounded.
The scorpion barely misses you.
You barely miss the scorpion.
The scorpion is moderately wounded.
The scorpion stings you but does no damage.
You hit the scorpion but do no damage.
The scorpion looks even sicker.
The scorpion is heavily wounded.
The scorpion stings you.
You hit the scorpion.
The scorpion looks as sick as possible!
The scorpion is almost dead.
You kill the scorpion!
There is an escape hatch in the floor here.
There is a stone staircase leading up here.
An ogre comes into view. It is wielding a +0 giant spiked club.
Found a stone staircase leading down.
The ogre moves out of view.
A quokka comes into view.
A quokka is nearby!
The quokka misses you.
You hit the quokka.
The quokka is poisoned.
The quokka is almost dead.
You block the quokka's attack. The ogre closely misses you.
You hit the quokka but do no damage.
The quokka looks as sick as possible!
The quokka is almost dead.
You kill the quokka!
The ogre barely misses you.
You hit the ogre.
The ogre is poisoned.
The ogre is lightly wounded.
You hit the ogre.
The ogre is moderately wounded.
The ogre barely misses you.
You barely miss the ogre.
The ogre is moderately wounded.
You hit the ogre.
The ogre is moderately wounded.
The ogre hits you with a +0 giant spiked club!!
You hit the ogre.
The ogre looks as sick as possible!
The ogre is heavily wounded.
The ogre hits you with a +0 giant spiked club!!
Ouch! That really hurt!
You die...

#..#.##...# .#
#...##.#[# # #.#
.#....### ..∆ . #.#
#####.####### ...
..##.## #....>.... ...>
.....## ###.#####. .....
##...## #.# #.
......#†.#..#####.#####.
#O@###..........##.
##..#..#####.##.##.
##...## #.##.##. #.###
#....... #.# ####.###
#+# #.# #.# ###.# ##...#


You could see an ogre (extremely poisoned).

Vanquished Creatures
  Grinder (D:5)
  Pargi (D:3)
  A scorpion (D:5)
  4 hounds
  Crazy Yiuf (D:2)
  3 gnolls
  6 adders
  2 worms
  A dart slug (D:1)
  An orc (D:3)
  4 ball pythons
  8 endoplasms
  3 giant cockroaches
  7 goblins
  5 hobgoblins
  3 kobolds (D:3)
  5 quokkas
  2 bats
  3 frilled lizards
  6 rats
67 creatures vanquished.

Notes
Turn   | Place    | Note
-------+----------+-------------------------------------------
     0 | D:1      | zazu2006 the Gnoll Wanderer began the quest for the Orb.
     0 | D:1      | zazu2006 set off with the following items: a +1 hand axe, a
                  | potion of attraction, a +0 robe; and the following spell
                  | memorised: Freeze; and the following spells available to
                  | memorise: Ozocubu's Armour, Hailstorm.
     0 | D:1      | Reached XP level 1. HP: 20/20 MP: 6/6
   149 | D:1      | Found a faded altar of an unknown god.
   242 | D:1      | Reached XP level 2. HP: 20/26 MP: 4/7
   906 | D:2      | Reached skill level 5 in Spellcasting
   906 | D:2      | Reached XP level 3. HP: 15/31 MP: 7/9
   992 | D:2      | Found a runed translucent door.
   993 | D:2      | Noticed Crazy Yiuf
  1051 | D:2      | Reached skill level 1 in Invocations
  1107 | D:2      | Reached skill level 1 in Short Blades
  1107 | D:2      | Reached skill level 1 in Long Blades
  1107 | D:2      | Reached skill level 1 in Maces & Flails
  1107 | D:2      | Reached skill level 1 in Polearms
  1107 | D:2      | Reached skill level 1 in Staves
  1107 | D:2      | Reached skill level 1 in Ranged Weapons
  1107 | D:2      | Reached skill level 1 in Throwing
  1107 | D:2      | Reached skill level 1 in Armour
  1107 | D:2      | Reached skill level 1 in Dodging
  1107 | D:2      | Reached skill level 1 in Stealth
  1107 | D:2      | Reached skill level 1 in Shields
  1107 | D:2      | Reached skill level 1 in Unarmed Combat
  1226 | D:1      | Reached skill level 1 in Shapeshifting
  1226 | D:1      | Reached XP level 4. HP: 25/38 MP: 11/11
  1567 | D:2      | Reached skill level 1 in Conjurations
  1567 | D:2      | Reached skill level 1 in Hexes
  1567 | D:2      | Reached skill level 1 in Summonings
  1567 | D:2      | Reached skill level 1 in Necromancy
  1567 | D:2      | Reached skill level 1 in Translocations
  1567 | D:2      | Reached skill level 1 in Transmutations
  1567 | D:2      | Reached skill level 1 in Fire Magic
  1567 | D:2      | Reached skill level 1 in Air Magic
  1567 | D:2      | Reached skill level 1 in Earth Magic
  1567 | D:2      | Reached skill level 1 in Poison Magic
  1608 | D:2      | Found a blossoming altar of Fedhas.
  1772 | D:2      | Killed Crazy Yiuf
  1936 | D:3      | Reached XP level 5. HP: 41/43 MP: 12/12
  2087 | D:3      | Noticed Pargi
  2104 | D:3      | Killed Pargi
  2105 | D:3      | Reached XP level 6. HP: 49/50 MP: 13/13
  2152 | D:3      | Found Duuneff's Weapon Emporium.
  2381 | D:3      | Found a shimmering altar of Xom.
  2825 | D:4      | Reached skill level 5 in Fighting
  2825 | D:4      | Reached skill level 5 in Axes
  2907 | D:4      | You fall into a shaft and drop 2 floors!
  2952 | D:5      | Entered Level 5 of the Dungeon
  3185 | D:5      | Noticed Grinder
  3192 | D:5      | Paralysed by Grinder for 5 turns
  3209 | D:5      | Paralysed by Grinder for 4 turns
  3217 | D:5      | Paralysed by Grinder for 3 turns
  3224 | D:5      | Killed Grinder
  3225 | D:5      | Reached XP level 7. HP: 27/56 MP: 15/15
  3520 | D:5      | Mangled by an ogre

Illustrated notes

Levels and vault maps discovered:
D:1:      sevenhm_arrival_forest_fort_large_3, layout_rooms,
          ebering_ecumenical_altar_mist, corexii_leaking_fountain
D:2:      layout_loops_ring, basic_altar, uniq_crazy_yiuf_cottage
D:3:      layout_loops_ring, xom_teletrap_fun, serial_shops,
          nicolae_shop_real_fake_doors, reono_crystal_passage, uniq_pargi
D:4:      layout_basic, nicolae_twisty_statue_hallways
D:5:      layout_loops_corners, minmay_temple_entry_poolview,
          minmay_tree_intersection, nicolae_letterblocks
          [nicolae_letter_subblock, nicolae_letter_subblock,
          nicolae_letter_subblock, nicolae_letter_subblock,
          nicolae_letter_subblock, nicolae_letter_subblock,
          nicolae_letter_subblock, nicolae_letter_subblock,
          nicolae_letter_subblock, nicolae_letter_subblock,
          nicolae_letter_subblock, nicolae_letter_subblock,
          nicolae_letter_subblock, nicolae_letter_subblock,
          nicolae_letter_subblock, nicolae_letter_subblock,
          nicolae_letter_subblock, nicolae_letter_subblock,
          nicolae_letter_subblock, nicolae_letter_subblock,
          nicolae_letter_subblock, nicolae_letter_subblock,
          nicolae_letter_subblock, nicolae_letter_subblock,
          nicolae_letter_subblock], uniq_grinder
D:6:      wander_river, layout_loops_ring

Skill      XL: |  1  2  3  4  5  6 |
---------------+-------------------+-----
Spellcasting   | 5 |  5.6
Invocations    | 1 2 |  2.8
Short Blades   | 1 2 |  2.5
Long Blades    | 1 2 |  2.5
Maces & Flails | 1 2 |  2.5
Polearms       | 1 2 |  2.5
Staves         | 1 2 |  2.5
Ranged Weapons | 1 2 |  2.5
Throwing       | 1 2 |  2.5
Armour         | 1 2 |  2.5
Dodging        | 1 2 |  2.5
Stealth        | 1 2 |  2.5
Shields        | 1 2 |  2.5
Unarmed Combat | 1 2 |  2.5
Shapeshifting  | 1 2 |  2.3
Conjurations   | 1 2 |  2.1
Hexes          | 1 2 |  2.8
Summonings     | 1 2 |  2.1
Necromancy     | 1 2 |  2.1
Translocations | 1 2 |  2.1
Transmutations | 1 2 |  2.1
Fire Magic     | 1 2 |  2.1
Air Magic      | 1 2 |  2.1
Earth Magic    | 1 2 |  2.1
Poison Magic   | 1 2 |  2.1
Evocations     | 3 |  3.7
Fighting       | 5 |  5.3
Axes           | 5 |  5.3
Ice Magic      | |  5.8

Action                     |  1- 3 |  4- 6 |  7- 9 || total
---------------------------+-------+-------+-------++-------
  Melee: Hand axe          |    29 |       |       ||    29
         Bite              |     5 |    12 |       ||    17
         Punch             |     1 |     3 |       ||     4
         Whip              |    21 |   140 |    13 ||   174
   Cast: Freeze            |    15 |     1 |       ||    16
    Use: Potion            |       |     4 |       ||     4
   Stab: Sleeping          |     1 |     6 |       ||     7
         Distracted        |       |     1 |       ||     1
 Armour: Robe              |     3 |       |       ||     3
         Leather armour    |    18 |    44 |     1 ||    63
         Skin              |       |    11 |       ||    11
  Dodge: Dodged            |    44 |    61 |     5 ||   110
  Block: Buckler           |       |       |     3 ||     3

Table legend: (Time is in decaauts)
 A = Elapsed time spent in this place.
 B = Non-inter-level travel time spent in this place.
 C = Inter-level travel time spent in this place.
 D = Time resting spent in this place.
 E = Time spent auto-exploring this place.
 F = Levels seen in this place.
 G = Mean time per level.
                   A        B        C        D        E       F      G
               +--------+--------+--------+--------+--------+-----+--------+
         Total |   3526 |   3338 |    188 |    133 |   2512 |   6 |  587.7 |
       Dungeon |   3526 |   3338 |    188 |    133 |   2512 |   6 |  587.7 |
               +--------+--------+--------+--------+--------+-----+--------+

Top non-repeatable levels by time:
     D:2: 975 daAuts
     D:1: 923 daAuts
     D:3: 799 daAuts
     D:5: 567 daAuts
     D:4: 216 daAuts
     D:6: 44 daAuts
